 Dungeon Crawl Stone Soup version 0.30-a0-605-gb2882149bf (webtiles) character file.

Game seed: 6786649575481252080

4897 OTABOTABOTAB the Martial Artist (level 10, 0/79 HPs)
             Began as an Octopode Transmuter on Jan 7, 2023.
             Was an Initiate of Gozag.
             Slain by a two-headed ogre
             ... wielding a +0 giant spiked club
              (15 damage)
             ... on level 8 of the Dungeon.
             The game lasted 00:17:46 (8984 turns).

OTABOTABOTAB the Martial Artist (OpTm)              Turns: 8984, Time: 00:17:47

Health: 0/79       AC:  7    Str: 11    XL:     10   Next: 51%
Magic:  13/13      EV: 12    Int: 17    God:    Gozag
Gold:   1010       SH:  0    Dex: 14    Spells: 3/13 levels left

rFire   x . .      SeeInvis .      - Unarmed
rCold   + + +      Faith    .    (shield currently unavailable)
rNeg    . . .      Spirit   .    (helmet currently unavailable)
rPois   +          Reflect  .    q - amulet of magic regeneration
rElec   .          Harm     .    l - ring of resist corrosion
rCorr   +          Rampage  .    (no ring)
Will    .....                    (no ring)
Stlth   +                        (no ring)
HPRegen 0.33/turn                (no ring)
MPRegen 0.53/turn                (no ring)
                                 (no ring)
                                 (no ring)

@: ice-form, gold aura
A: freezing attack, boosted hp, almost no armour, amphibious, 8 rings, large,
(camouflage 1), (gelatinous body 1), (nimble swimmer 1), (tentacles)
a: End Transformation, Renounce Religion, Potion Petition, Call Merchant, Bribe
Branch


You were on level 8 of the Dungeon.
You worshipped Gozag.
Gozag was most pleased with you.
You were a creature of crystalline ice.
You visited 2 branches of the dungeon, and saw 9 of its levels.

You collected 2549 gold pieces.
You paid 1539 gold pieces to Gozag.

Inventory:

Hand Weapons
 g - the +4 war axe of the Hall of Blades (melded) {protect, rPois Dex+4}
   (You found it on level 2 of the Dungeon)

   Dex:       It affects your dexterity (+4).
   rPois:     It protects you from poison.
Magical Staves
 y - a staff of earth
   (You found it on level 7 of the Dungeon)
Jewellery
 d - an amulet of the acrobat
   (You found it on level 8 of the Dungeon)
 l - a ring of resist corrosion (left front paw)
   (You found it on level 3 of the Dungeon)
 q - an amulet of magic regeneration (around neck)
   (You found it on level 3 of the Dungeon)
Wands
 p - a wand of charming (9)
   (You found it on level 3 of the Dungeon)
 v - a wand of flame (12)
   (You found it on level 6 of the Dungeon)
Scrolls
 e - 2 scrolls of amnesia
 i - 2 scrolls of brand weapon
 j - 8 scrolls of teleportation
 k - a scroll of fog
 r - 2 scrolls of enchant armour
 t - a scroll of blinking {!r}
 x - a scroll of fear
Potions
 a - 4 potions of lignification {!q}
 c - 2 potions of haste
 f - 2 potions of ambrosia
 m - a potion of attraction {!q}
 n - a potion of brilliance
 o - a potion of cancellation
 s - a potion of resistance {unknown}
 u - a potion of heal wounds {unknown}
 w - a potion of mutation {!q}


   Skills:
 + Level 5.5 Fighting
 + Level 5.8 Dodging
 + Level 8.8 Unarmed Combat
 - Level 2.0 Spellcasting
 + Level 8.5 Transmutations
 - Level 5.0 Ice Magic
 - Level 3.0 Poison Magic


You had 3 spell levels left.
You knew the following spells:

 Your Spells              Type           Power      Damage    Failure   Level
a - Beastly Appendage     Tmut           60%        N/A       1%          1
b - Wereblood             Tmut           30%        N/A       1%          2
c - Spider Form           Tmut/Pois      21%        N/A       5%          3
d - Ice Form              Ice/Tmut       24%        N/A       12%         4

Your spell library contained the following spells:

 Spells                   Type           Power      Damage    Failure   Level
 Foxfire                  Conj/Fire      4%         2x1d4     19%         1
 Magic Dart               Conj           4%         1d3       19%         1
 Shock                    Conj/Air       4%         1d3       19%         1
 Call Imp                 Summ           1%         N/A       28%         2
 Mephitic Cloud           Conj/Pois/Air  5%         N/A       36%         3
 Gell's Gravitas          Tloc           1%         N/A       50%         3
 Teleport Other           Tloc           1%         N/A       50%         3
 Fireball                 Conj/Fire      0%         3d3       99%         5
 Dispersal                Tloc           0%         N/A       100%        6
 Starburst                Conj/Fire      0%         6d3       100%        6


Dungeon Overview and Level Annotations

Branches:
Dungeon (8/15)             Temple (1/1) D:4
   Lair: D:8-11

Altars:
Dithmenos
Gozag
Hepliaklqana
Nemelex Xobeh
Ru
Sif Muna
Trog
Vehumet
Wu Jian
Xom
Yredelemnul

Shops:
D:7 =*


Innate Abilities, Weirdness & Mutations

You are a creature of crystalline ice.
You have a powerful freezing melee attack.
Your maximum health is increased.
Your armour is entirely melded.
You are incapable of wielding weapons or throwing items.
You cannot wear most types of armour.
You are amphibious.
You can wear up to eight rings at the same time.
((Your skin changes colour to match your surroundings (Stealth+).))
((Your rubbery body absorbs attacks. (AC +1, EV +1)))
((You are camouflaged when in or above water. (Stealth+)))
((You have tentacles for arms and can constrict up to eight enemies at once.))


Message History

Your transformation is almost over.
Okay, then.
You warm up again.
The +4 war axe of the Hall of Blades {protect, rPois Dex+4} unmelds from your body.
The +4 war axe of the Hall of Blades {protect, rPois Dex+4} hums with potential!
You feel less attractive to monsters.
You feel a little less clever now.
You now have 896 gold pieces (gained 5).
Things that are here:
a +4 spear of flaming; a +0 ring mail; a +0 kite shield You now have 66/66 hp.
You see here a +0 whip.
Items here: )))) [.
You now have 919 gold pieces (gained 23).
You now have 931 gold pieces (gained 12).
t - a scroll of blinking {!r};
e - 2 scrolls of amnesia (gained 1)
You now have 947 gold pieces (gained 16).
You now have 962 gold pieces (gained 15).
You now have 981 gold pieces (gained 19).
Found a stone staircase leading down.
You see here a +0 ring mail.
You see here a +0 ring mail.
You now have 994 gold pieces (gained 13).
Found an escape hatch in the floor.
Found a stone staircase leading up.
There is an escape hatch in the floor here.
z - a scroll of identify
Found an escape hatch in the ceiling.
Found a stone staircase leading down.
As you read the scroll labelled UBYOMP ZIBREECW, it crumbles to dust.
Your body is wracked with pain!
It was a scroll of torment.
You take 32 damage, and have 34/66 hp.
MASSIVE DAMAGE!!
You start resting.
Health restored: 66 Unknown command.
Okay, then.
As you read the scroll of identify, it crumbles to dust.
w - a potion of mutation You now have 1010 gold pieces (gained 16).
You see here 8 stones.
You see here 8 stones.
You see here a +0 quarterstaff.
You see here 6 atropa-tipped darts.
There is a stone staircase leading up here.
j - 8 scrolls of teleportation (gained 1)
You see here a +2 flail of draining.
A bullfrog comes into view.
You turn into a creature of crystalline ice.
The +4 war axe of the Hall of Blades {protect, rPois Dex+4} melds into your body.
The +4 war axe of the Hall of Blades {protect, rPois Dex+4} goes still.
The bullfrog gives a loud, deep croak!
You hear a shout!
You hear a howl!
You now have 79/79 hp.
A centaur warrior and a slime creature come into view.
The centaur warrior shouts!
The centaur warrior wields a +0 shortbow.
The centaur warrior shoots an arrow.
The arrow hits you!
A howler monkey comes into view.
The centaur warrior shoots an arrow.
The arrow hits you!!
You hear a horrible gurgling sound!
You hear two shouts!
You take 31 damage, and have 48/79 hp.
MASSIVE DAMAGE!!
A two-headed ogre comes into view.
It is wielding a +0 giant spiked club and a +0 giant club.
You hit the bullfrog.
The bullfrog seems to slow down.
You freeze the bullfrog. The bullfrog misses you.
You barely miss the bullfrog.
The bullfrog is no longer moving slowly.
The bullfrog completely misses you.
You punch the bullfrog! You freeze the bullfrog.
You kill the bullfrog!
The howler monkey hoots and howls with incredible vigour!
MP restored: 13 You barely miss the howler monkey.
The howler monkey hits you but does no damage.
You barely miss the howler monkey. The howler monkey hits you.
You take 4 damage, and have 46/79 hp.
You punch the howler monkey! You freeze the howler monkey.
The howler monkey barely misses you.
You punch the howler monkey! You freeze the howler monkey.
You kill the howler monkey!
A cyan ugly thing comes into view.
The two-headed ogre barely misses you. x2
You see here 11 gold pieces.
You punch the two-headed ogre! You freeze the two-headed ogre.
The two-headed ogre hits you with a +0 giant spiked club!!
The two-headed ogre hits you with a +0 giant club.
You take 23 damage, and have 24/79 hp.
MASSIVE DAMAGE!!
You hit the two-headed ogre but do no damage.
You hit the two-headed ogre but do no damage.
The two-headed ogre hits you with a +0 giant spiked club.
* * * LOW HITPOINT WARNING * * *
The two-headed ogre hits you with a +0 giant club!
* * * LOW HITPOINT WARNING * * *
You take 19 damage, and have 5/79 hp.
MASSIVE DAMAGE!!
You feel better.
The two-headed ogre hits you with a +0 giant spiked club!
You die...
Your body crumbles into a pile of gold.

#.#
#.........<.####
#.#
#...#######.#
#.#
#...........#
#.#
##.##########
###.### ###
###.....# $
#.......# #
#...)...####
##cJ#
#.......YOu#...#
##......##.....#
#.#########..:#
#. ##..# #. .#
#.


You could see a cyan ugly thing and a two-headed ogre.

Vanquished Creatures
  Pikel (D:5)
  A cyclops (D:7)
  A komodo dragon (D:7)
  A troll (D:8)
  A hornet (D:8)
  Grinder (D:5)
  A water moccasin (D:6)
  An orc warrior (D:8)
  A sky beast (D:8)
  An ice beast (D:5)
  2 ogres
  A centaur (D:7)
  A phantom (D:6)
  A lemure (D:5)
  4 bullfrogs
  4 scorpions
  2 necrophages (D:7)
  A gnoll sergeant (D:8)
  3 elf skeletons (D:7)
  8 wights
  4 killer bees (D:7)
  5 electric eels (D:6)
  2 howler monkeys
  A hound (D:5)
  A jelly (D:5)
  2 orc priests
  3 human skeletons (D:7)
  9 iguanas
  Terence (D:2)
  2 orc wizards
  10 gnolls
  8 adders
  A shadow imp (D:6)
  3 white imps
  An ufetubus (D:3)
  3 dart slugs
  24 orcs
  4 ball pythons
  2 bats (D:3)
  5 endoplasms
  2 giant cockroaches (D:3)
  23 hobgoblins
  4 jackals
  11 kobolds
  3 quokkas
  6 frilled lizards
  28 goblins
  6 rats
211 creatures vanquished.

Vanquished Creatures (others)
  6 plants (D:7)
6 creatures vanquished.

Grand Total: 217 creatures vanquished

Notes
Turn   | Place    | Note
-------+----------+-------------------------------------------
     0 | D:1      | OTABOTABOTAB the Octopode Transmuter began the quest for
                  | the Orb.
     0 | D:1      | Reached XP level 1. HP: 13/13 MP: 3/3
    82 | D:1      | Reached skill level 1 in Poison Magic
    82 | D:1      | Reached XP level 2. HP: 18/18 MP: 5/5
   342 | D:1      | Reached XP level 3. HP: 10/23 MP: 4/6
   572 | D:1      | Learned a level 2 spell: Wereblood
   576 | D:1      | Learned a level 3 spell: Spider Form
   661 | D:2      | Reached skill level 2 in Poison Magic
   790 | D:2      | Identified the +4 war axe of the Hall of Blades {protect,
                  | rPois Dex+4}
   794 | D:2      | Noticed Terence
   802 | D:2      | Killed Terence
   803 | D:2      | Reached XP level 4. HP: 20/28 MP: 7/7
   922 | D:2      | Reached skill level 3 in Transmutations
  1641 | D:3      | Reached skill level 4 in Unarmed Combat
  1641 | D:3      | Reached skill level 3 in Poison Magic
  1641 | D:3      | Reached XP level 5. HP: 18/33 MP: 8/8
  1831 | D:3      | Found a sacrificial altar of Ru.
  2049 | D:3      | Found a bloodstained altar of Trog.
  2120 | D:3      | Found a shimmering blue altar of Sif Muna.
  2124 | D:3      | Got Sif Muna's Incunabulum of the Zephyr
  2644 | D:4      | Reached skill level 1 in Ice Magic
  2883 | D:4      | Found a staircase to the Ecumenical Temple.
  2892 | Temple   | Entered the Ecumenical Temple
  2901 | Temple   | Became a worshipper of Gozag Ym Sagoz the Greedy
  3139 | D:4      | Found a sparkling altar of Nemelex Xobeh.
  3551 | D:5      | Entered Level 5 of the Dungeon
  3566 | D:5      | Noticed an ice beast
  3589 | D:5      | Reached XP level 6. HP: 38/38 MP: 9/9
  3715 | D:5      | Reached skill level 4 in Transmutations
  3732 | D:5      | Reached skill level 2 in Ice Magic
  3789 | D:5      | Reached skill level 5 in Unarmed Combat
  3789 | D:5      | Reached XP level 7. HP: 20/43 MP: 10/10
  3887 | D:5      | Noticed Pikel
  3892 | D:5      | Noticed Grinder
  3901 | D:5      | HP: 16/64 [Pikel/+2 whip of flaming (1)]
  3902 | D:5      | Killed Pikel
  3903 | D:5      | Reached skill level 5 in Transmutations
  3903 | D:5      | Reached skill level 4 in Ice Magic
  3903 | D:5      | Reached XP level 8. HP: 21/48 MP: 11/11
  3908 | D:5      | HP: 8/72 [Grinder/nerve-wracking pain (14)]
  3909 | D:5      | Killed Grinder
  3910 | D:5      | Reached skill level 6 in Unarmed Combat
  4300 | D:5      | Reached skill level 6 in Transmutations
  4464 | D:5      | Learned a level 4 spell: Ice Form
  4502 | D:6      | HP: 10/48 [electric eel/bolt of electricity (7)]
  4506 | D:6      | HP: 4/48 [poisoned by a water moccasin]
  4510 | D:6      | HP: 1/48 [poisoned by a water moccasin]
  4863 | D:6      | Reached skill level 5 in Ice Magic
  5253 | D:6      | Reached skill level 7 in Unarmed Combat
  5260 | D:6      | Reached XP level 9. HP: 54/54 MP: 8/12
  5353 | D:6      | Reached skill level 2 in Fighting
  5624 | D:6      | Reached skill level 3 in Dodging
  6272 | D:6      | Reached skill level 7 in Transmutations
  6434 | D:7      | Found an ornate altar of the Wu Jian Council.
  6524 | D:7      | Found a shadowy altar of Dithmenos.
  6640 | D:7      | Reached skill level 3 in Fighting
  6896 | D:7      | Noticed a komodo dragon
  6918 | D:7      | Killed a komodo dragon
  6919 | D:7      | Reached skill level 4 in Dodging
  7142 | D:7      | Reached skill level 4 in Fighting
  7172 | D:7      | Reached skill level 8 in Unarmed Combat
  7416 | D:7      | Noticed a cyclops
  7431 | D:7      | Killed a cyclops
  7432 | D:7      | Reached skill level 5 in Dodging
  7432 | D:7      | Reached XP level 10. HP: 34/65 MP: 13/13
  7435 | D:7      | Reached skill level 8 in Transmutations
  7933 | D:7      | Identified a scroll of acquirement
  7933 | D:7      | Acquired 867 gold pieces
  8030 | D:8      | Found a basalt altar of Yredelemnul.
  8039 | D:8      | Reached skill level 5 in Fighting
  8288 | D:8      | HP: 19/79 [gnoll sergeant/+4 spear of flaming (7)]
  8296 | D:8      | HP: 11/79 [gnoll/+0 spear[a gnoll sergeant] (7)]
  8300 | D:8      | HP: 5/79 [bullfrog (3)]
  8305 | D:8      | HP: 9/79 [gnoll/+0 flail[a gnoll sergeant] (7)]
  8968 | D:8      | Noticed a centaur warrior
  8970 | D:8      | Noticed a two-headed ogre
  8979 | D:8      | Noticed a cyan ugly thing
  8983 | D:8      | HP: 19/79 [two-headed ogre/+0 giant spiked club (5)]
  8983 | D:8      | HP: 5/79 [two-headed ogre/+0 giant spiked club (14)]
  8984 | D:8      | Slain by a two-headed ogre

Illustrated notes

Levels and vault maps discovered:
D:1:      shiori_arrival_oz, layout_rooms
D:2:      minmay_evil_eye, layout_loops_ring, uniq_terence
D:3:      minmay_angry_zag, layout_basic, nzn_overflow_gifts_of_might_and_magic,
          nicolae_ru_path_of_blood
D:4:      layout_basic, nemelex_xobeh_ov_fountains_minmay, temple_hall,
          serial_rivers, chequers_serial_rivers_small_a,
          chequers_serial_rivers_micro_c, chequers_serial_rivers_micro_d,
          chequers_serial_rivers_room_a, nicolae_figureground_sparkle
D:5:      layout_rooms, minmay_misc_feat_alley, dk_rats_in_the_wall,
          uniq_grinder, uniq_pikel
D:6:      minmay_goblin_kobold_castle, layout_basic, nrook_mini_vaults
D:7:      layout_basic, mainiacjoe_overflow_tiny_flanked,
          pdpol_wu_jian_five_deadly_venoms, nicolae_ossuary_entry_catacombs,
          minmay_lizard_king
D:8:      minmay_blocky_corners, layout_loops_ring, amcnicky_altar_gilded
Temple:   dpeg_three_leaves_temple

Skill      XL: |  1  2  3  4  5  6  7  8  9 10 |
---------------+-------------------------------+-----
Poison Magic   | 1 2 3 |  3.0
Transmutations | 3 4 5 6 7 8 |  8.5
Unarmed Combat | 4 5 7 8 |  8.8
Ice Magic      | 1 2 4 5 |  5.0
Fighting       | 4 5 |  5.5
Dodging        | 5 |  5.8
Spellcasting   | |  2.0

Action                   |  1- 3 |  4- 6 |  7- 9 | 10-12 || total
-------------------------+-------+-------+-------+-------++-------
Melee: Dagger            |    34 |       |       |       ||    34
       Constrict         |    14 |    21 |     9 |       ||    44
       Tentacles         |     9 |    12 |     9 |       ||    30
       Unarmed           |     1 |    16 |   233 |    83 ||   333
       Kick              |     4 |    14 |    10 |       ||    28
       War axe           |     5 |    76 |    47 |       ||   128
       Punch             |       |     1 |     3 |       ||     4
 Cast: Beastly Appendage |     2 |    17 |     5 |       ||    24
       Spider Form       |       |     2 |     4 |     1 ||     7
       Wereblood         |       |     1 |     1 |       ||     2
       Ice Form          |       |       |    28 |     6 ||    34
Invok: Call Merchant     |       |       |       |     2 ||     2
 Abil: End Transformatio |       |    15 |    28 |     4 ||    47
Evoke: Wand              |       |       |    10 |       ||    10
  Use: Scroll            |    10 |     6 |       |     4 ||    20
       Potion            |       |       |     6 |     7 ||    13
 Stab: Sleeping          |     3 |     5 |       |       ||     8
       Distracted        |       |       |     1 |     1 ||     2
Armor: Skin              |     4 |    14 |    72 |    12 ||   102
Dodge: Dodged            |    29 |    76 |   135 |    41 ||   281

Table legend: (Time is in decaauts)
 A = Elapsed time spent in this place.
 B = Non-inter-level travel time spent in this place.
 C = Inter-level travel time spent in this place.
 D = Time resting spent in this place.
 E = Time spent auto-exploring this place.
 F = Levels seen in this place.
 G = Mean time per level.
                   A        B        C        D        E       F      G
               +--------+--------+--------+--------+--------+-----+--------+
         Total |   8964 |   8733 |    231 |   1490 |   5730 |   9 |  996.0 |
       Dungeon |   8946 |   8723 |    223 |   1490 |   5730 |   8 | 1118.2 |
        Temple |     17 |      9 |      8 |      0 |      0 |   1 |   17.0 |
               +--------+--------+--------+--------+--------+-----+--------+

Top non-repeatable levels by time:
     D:6: 1919 daAuts
     D:7: 1541 daAuts
     D:3: 1115 daAuts
     D:4: 1041 daAuts
     D:8: 971 daAuts
     D:5: 950 daAuts
     D:2: 782 daAuts
     D:1: 625 daAuts
  Temple: 17 daAuts

Table legend:
 A = Kills in this place as a percentage of kills in entire the game.
 B = Kills by you in this place as a percentage of kills by you in the entire game.
 C = Kills by friends in this place as a percentage of kills by friends in the entire game.
 D = Other kills in this place as a percentage of other kills in the entire game.
 E = Experience gained in this place as a percentage of experience gained in the entire game.
 F = Experience gained in this place divided by the number of levels of this place that you have seen.
                   A       B       C       D       E      F
               +-------+-------+-------+-------+-------+----------------------
         Total | 100.0 | 100.0 |   N/A |   N/A | 100.0 | 777.4
       Dungeon | 100.0 | 100.0 |   N/A |   N/A | 100.0 | 874.6
               +-------+-------+-------+-------+-------+----------------------
